 Dungeon Crawl Stone Soup version 0.31-a0-1074-g0b22e4e0f1 (webtiles) character file.

Game seed: 5939437089703598916

154 BigPumpCobain the Ruffian (level 5, 0/40 HPs)
             Began as a Draconian Shapeshifter on Dec 3, 2023.
             Slain by an orc warrior
             ... wielding a +0 halberd
              (12 damage)
             ... on level 4 of the Dungeon.
             The game lasted 00:03:58 (2639 turns).

BigPumpCobain the Ruffian (Draconian Shapeshifter)  Turns: 2639, Time: 00:03:58

Health: 0/40       AC:  5    Str: 18    XL:     5   Next: 13%
Magic:  5/5        EV: 17    Int: 11    God:
Gold:   254        SH:  0    Dex: 10    Spells: 4/4 levels left

rFire   . .          .
                       - Unarmed
rCold   . . .        (no shield)
rNeg    . . .        (body armour unavailable)
rPois   .            (helmet currently unavailable)
rElec   .            (cloak currently unavailable)
rCorr   .            (gloves currently unavailable)
SInv    .            (boots currently unavailable)
Will    .....        (no amulet)
Stlth   +            n - +5 ring of evasion
HPRegen 0.26/turn    (no ring)
MPRegen 0.09/turn

%: no passive effects
@: confused, beast-form
A: beast (slay +1), AC +5, unfitting armour, cold-blooded
a: Begin Untransformation


You were on level 4 of the Dungeon.
You were a hulking beast.
You visited 1 branch of the dungeon, and saw 4 of its levels.

You collected 254 gold pieces.

Inventory:

Hand Weapons
 p - a +0 heavy hand axe
Armour
 f - a +0 pair of gloves
 o - the +3 ring mail of Intuition {Int+2}
   (You found it on level 3 of the Dungeon)

   Int+2:     It affects your intelligence (+2).
Jewellery
 n - a +5 ring of evasion (left hand)
 s - a ring of wizardry
Talismans
 b - a beast talisman
 c - a flux talisman
Scrolls
 d - a scroll of identify {unknown}
 e - a scroll of revelation {unknown}
 g - 2 scrolls of fear {unknown}
 h - 2 scrolls of poison {unknown}
 m - 3 scrolls of teleportation {unknown}
 r - a scroll of enchant armour {unknown}
Potions
 a - a potion of lignification
 i - a potion of curing {unknown}
 j - a potion of invisibility {unknown}
 k - a potion of enlightenment {unknown}
 l - a potion of might {unknown}
 q - 2 potions of berserk rage {unknown}


   Skills:
 - Level 1.1 Fighting
 - Level 1.7 Dodging
 + Level 5.9 Unarmed Combat
 - Level 3.0 Shapeshifting


You had 4 spell levels left.
You didn't know any spells.
Your spell library contained the following spells:

 Spells                   Type           Power      Damage    Failure   Level
 Blink                    Tloc           0%         N/A       47%         2
 Manifold Assault         Tloc           0%         N/A       98%         4
 Dispersal                Tloc           0%         N/A       100%        6
 Disjunction              Tloc           0%         N/A       100%        8


Dungeon Overview and Level Annotations

Branches:
Dungeon (4/15)
 Temple: D:4-7

Altars:
Gozag
Hepliaklqana
Sif Muna

Shops:
D:3 *


Innate Abilities, Weirdness & Mutations

You are a hulking beast.
Your limbs bulge with bestial killing power. (Slay +1)
Your plain brown scales are hard. (AC +5)
You cannot fit into any form of body armour.
You are cold-blooded and may be slowed by cold attacks.


Message History

You hear a shout! x2
An orc comes into view. It is wielding a +0 mace.
The orc shouts!
The orc priest shouts!
A goblin comes into view. It is wielding a +0 club.
An orc warrior comes into view. It is wielding a +0 halberd.
A hobgoblin comes into view.
The orc wizard gestures wildly while chanting.
The orc wizard flickers and vanishes!
Deactivating autopickup; reactivate with Ctrl-A.
You hit the hobgoblin.
Your tail-slap misses the hobgoblin.
The hobgoblin is almost dead.
The hobgoblin misses you.
You hit the hobgoblin.
You kill the hobgoblin!
An orc comes into view. It is wielding a +0 club.
The orc shouts!
You hear some strange, mumbled words.
You are confused.
You hit the goblin.
You kill the goblin!
You bump into the rock wall.
You hear some strange, mumbled words.
You are more confused.
You barely miss something. Something hits you but does no damage.
You hit something. Something hits you.
The orc priest hits you from afar with a +0 trident.
You're too confused to move!
Something hits you.
You bump into the rock wall.
Something hits you but does no damage.
You bump into the rock wall.
Something hits you but does no damage.
The orc warrior hits you from afar with a +0 halberd.
You closely miss something.
You hear some strange, mumbled words.
Something tries to affect you, but you resist.
The orc warrior hits you from afar with a +0 halberd!
* * * LOW HITPOINT WARNING * * *
You're too confused to move!
Something hits you but does no damage. The orc warrior completely misses you.
You bump into the rock wall.
Something hits you.
* * * LOW HITPOINT WARNING * * *
The orc warrior hits you from afar with a +0 halberd!
You die...

.o.##.#
.......
......g
.......
#....##
#..o## #
#oo# ...
##o####.....
#..{h......#
#..#####.#.#
#........#
#....#....
#.#..# ##
#.#....#
#.#...##
#.#.>## #
#.#..#


You could see an orc warrior and an orc.

Vanquished Creatures
  An orc priest (D:3)
  An orc wizard (D:3)
  An adder (D:2)
  2 worms
  2 dart slugs (D:3)
  5 orcs (D:3)
  9 endoplasms
  8 giant cockroaches
  2 goblins
  3 hobgoblins
  4 jackals (D:1)
  5 kobolds
  5 quokkas
  7 ball pythons
  10 bats
  7 frilled lizards
  2 rats
74 creatures vanquished.

Notes
Turn   | Place    | Note
-------+----------+-------------------------------------------
     0 | D:1      | BigPumpCobain the Draconian Shapeshifter began the quest
                  | for the Orb.
     0 | D:1      | Reached XP level 1. HP: 16/16 MP: 1/1
   193 | D:1      | Reached XP level 2. HP: 16/23 MP: 2/2
   278 | D:1      | You fall into a shaft and drop 1 floor!
   394 | D:2      | Reached skill level 4 in Unarmed Combat
   485 | D:2      | Reached XP level 3. HP: 28/28 MP: 3/3
  1671 | D:3      | Found an opulent altar of Gozag.
  1674 | D:3      | Found a shimmering blue altar of Sif Muna.
  1697 | D:3      | Found a hazy altar of Hepliaklqana.
  1702 | D:3      | Found Wuizika's General Store.
  1748 | D:3      | Identified the +3 ring mail of Intuition {Int+2}
  1925 | D:3      | Reached skill level 5 in Unarmed Combat
  1925 | D:3      | Reached XP level 4. HP: 9/35 MP: 4/4
  2265 | D:3      | Reached XP level 5. HP: 34/40 MP: 5/5
  2620 | D:4      | Noticed an orc warrior
  2639 | D:4      | Slain by an orc warrior

Illustrated notes

Levels and vault maps discovered:
D:1:      dpeg_arrival_solitude, layout_basic
D:2:      layout_basic, chequers_serial_rivers_room_b, nrook_mini_vaults
D:3:      layout_loops_ring, jmf_multi_god_temple,
          nicolae_hepliaklqana_hazy_memory, serial_shops,
          nicolae_shop_tiny_waterfront, st_stairs_5, serial_park_tiny_2,
          skrybe_limestone_x, minmay_misc_feat_four_crosses,
          minmay_randomly_rotated_circles
D:4:      layout_basic, chequers_temple_overflow_statue_of_worship, uniq_edmund

Skill      XL: |  1  2  3 |
---------------+----------+-----
Unarmed Combat | 4 5 |  5.9
Fighting       | |  1.1
Dodging        | |  1.7
Shapeshifting  | |  3.0

Action                     |  1- 3 |  4- 6 || total
---------------------------+-------+-------++-------
  Melee: Unarmed           |   141 |    57 ||   198
         Punch             |     4 |       ||     4
         Tailslap          |    13 |     8 ||    21
 Armour: Skin              |    89 |    26 ||   115
  Dodge: Dodged            |   104 |    38 ||   142

Table legend: (Time is in decaauts)
 A = Elapsed time spent in this place.
 B = Non-inter-level travel time spent in this place.
 C = Inter-level travel time spent in this place.
 D = Time resting spent in this place.
 E = Time spent auto-exploring this place.
 F = Levels seen in this place.
 G = Mean time per level.
                   A        B        C        D        E       F      G
               +--------+--------+--------+--------+--------+-----+--------+
         Total |   2628 |   2493 |    135 |      0 |   2075 |   4 |  657.0 |
       Dungeon |   2628 |   2493 |    135 |      0 |   2075 |   4 |  657.0 |
               +--------+--------+--------+--------+--------+-----+--------+

Top non-repeatable levels by time:
     D:3: 943 daAuts
     D:1: 898 daAuts
     D:2: 753 daAuts
     D:4: 32 daAuts
